 Dungeon Sprint DCSS version 0.30.1-9-gdf580d7c3d (webtiles) character file.

Game seed: 16264367624373925364

479 Heoruswealwe the Fighter (level 6, -2/64 HPs)
             Began as a Minotaur Fighter on Oct 14, 2023.
             Was an Initiate of Gozag.
             Slain by an ice devil (12 damage)
             ... summoned by a kobold demonologist
             ... in the Dungeon (Sprint VII: "The Pits").
             The game lasted 00:05:53 (571 turns).

Heoruswealwe the Fighter (Minotaur Fighter)          Turns: 571, Time: 00:05:53

Health: -2/64      AC: 14    Str: 22    XL:     6   Next: 86%
Magic:  5/5        EV:  8    Int:  5    God:    Gozag
Gold:   1179       SH:  6    Dex: 10    Spells: 5/5 levels left

rFire   . . .        a - +0 war axe
rCold   . . .        d - +0 buckler
rNeg    . . .        c - +3 chain mail
rPois   .            (helmet restricted)
rElec   .            (no cloak)
rCorr   .            (no gloves)
SInv    .            (no boots)
Will    .....        (no amulet) Stlth
                     (no ring)
HPRegen 0.30/turn    (no ring)
MPRegen 0.09/turn

%: no teleportation
@: no status effects
A: horns 2, retaliatory headbutt
a: Renounce Religion, Potion Petition, Call Merchant, Bribe Branch


You were in the Dungeon.
You worshipped Gozag.
Gozag was most pleased with you.
You visited 1 branch You collected 1179 gold pieces.

Inventory:

Hand Weapons
 a - a +0 war axe (weapon)
Armour
 c - a +3 chain mail (worn)
 d - a +0 buckler (worn)
Scrolls
 j - a scroll of blinking
Potions
 b - a potion of might
 e - 6 potions of curing
 f - 5 potions of heal wounds
 g - a potion of haste
 i - 3 potions of berserk rage


   Skills:
 + Level 9.6 Fighting
 + Level 9.2 Axes
 + Level 9.6 Armour
 + Level 9.6 Shields


You had 5 spell levels left.
You didn't know any spells.
Your spell library was empty.

Dungeon Overview and Level Annotations

Branches:
Dungeon (1/1)

Altars:
Ashenzari
Cheibriados
Dithmenos
Elyvilon
Fedhas
Gozag
Hepliaklqana
Kikubaaqudgha
Makhleb
Nemelex Xobeh
Okawaru
Qazlal
Ru
Sif Muna
Trog
Uskayaw
Vehumet
Wu Jian
Xom
Yredelemnul
Zin
The Shining One
Jiyva
Lugonu


Innate Abilities, Weirdness & Mutations

You have a pair of horns on your head.
You reflexively headbutt those who attack you in melee.


Message History

A kobold demonologist comes into view. It is wielding a +0 dagger.
The kobold demonologist mumbles some strange words.
The kobold demonologist barely misses you.
The ice devil completely misses you. You furiously retaliate!
You headbutt the ice devil!
There is an open door here.
You slash the kobold demonologist!
The kobold demonologist is moderately wounded.
You hit the ice devil but do no damage.
The kobold demonologist hits you but does no damage.
The ice devil barely misses you.
You miss the kobold demonologist.
Your headbutt misses the kobold demonologist.
The kobold demonologist is moderately wounded.
You hit the ice devil but do no damage.
The kobold demonologist hits you but does no damage.
The ice devil hits you. The ice devil freezes you!
You slash the kobold demonologist!
The kobold demonologist is severely wounded.
You closely miss the ice devil.
The kobold demonologist hits you with a +0 dagger.
You block the ice devil's attack.
You closely miss the kobold demonologist.
The kobold demonologist is severely wounded.
You barely miss the ice devil.
The kobold demonologist hits you but does no damage.
The ice devil hits you. The ice devil freezes you!!
* * * LOW HITPOINT WARNING * * *
You hit the kobold demonologist. You headbutt the kobold demonologist.
The kobold demonologist is almost dead.
You hit the ice devil but do no damage.
The kobold demonologist hits you but does no damage.
You block the ice devil's attack.
The kobold demonologist mumbles some strange words.
You hit the kobold demonologist. You headbutt the kobold demonologist.
The kobold demonologist is almost dead.
You hit the rust devil. You hit the ice devil but do no damage.
The ice devil hits you!
You die...
Your body crumbles into a pile of gold.

#.#.[.)))..##.......#
#)#..[)))..##.......#
#'###########.......#
#..#.#.## #########
#.......# ##.#.#.##
#.......#+#
##.#.#.##K+
#.......#@#
##.#.#..44#
##########


You could see an ice devil (summoned), a rust devil (summoned) and a kobold
demonologist.

Vanquished Creatures
  Sigmund (D)
  A floating eye (D)
  2 gnoll sergeants (D)
  A gnoll bouda (D)
  6 gnolls (D)
  2 adder skeletons (D)
  An orc (D)
  A bat skeleton (D)
  An endoplasm (D)
  2 giant cockroaches (D)
  2 ball pythons (D)
  2 frilled lizards (D)
  A kobold (D)
23 creatures vanquished.

Notes
Turn   | Place    | Note
-------+----------+-------------------------------------------
     0 | D        | Heoruswealwe the Minotaur Fighter began the quest for the
                  | Orb.
     0 | D        | Reached XP level 1. HP: 19/19 MP: 0/0
    62 | D        | Found a bloodstained altar of Trog.
    62 | D        | Found a shimmering blue altar of Sif Muna.
    62 | D        | Found a viscous altar of Jiyva.
    62 | D        | Found a hazy altar of Hepliaklqana.
    62 | D        | Found an opulent altar of Gozag.
    63 | D        | Found a glowing golden altar of the Shining One.
    63 | D        | Found a glowing silver altar of Zin.
    63 | D        | Found a basalt altar of Yredelemnul.
    63 | D        | Found a shimmering altar of Xom.
    63 | D        | Found an ornate altar of the Wu Jian Council.
    63 | D        | Found a sacrificial altar of Ru.
    63 | D        | Found a stormy altar of Qazlal.
    63 | D        | Found an iron altar of Okawaru.
    63 | D        | Found a sparkling altar of Nemelex Xobeh.
    63 | D        | Found a burning altar of Makhleb.
    63 | D        | Found a blossoming altar of Fedhas.
    63 | D        | Found a white marble altar of Elyvilon.
    63 | D        | Found a shadowy altar of Dithmenos.
    63 | D        | Found a snail-covered altar of Cheibriados.
    64 | D        | Found a radiant altar of Vehumet.
    64 | D        | Found a corrupted altar of Lugonu.
    65 | D        | Found a hide-covered altar of Uskayaw.
    65 | D        | Found an ancient bone altar of Kikubaaqudgha.
    65 | D        | Found a broken altar of Ashenzari.
    71 | D        | Became a worshipper of Gozag Ym Sagoz the Greedy
    91 | D        | Noticed a floating eye
    93 | D        | Paralysed by a floating eye for 2 turns
    95 | D        | Killed a floating eye
    96 | D        | Reached skill level 5 in Axes
    96 | D        | Reached XP level 2. HP: 31/31 MP: 1/1
    96 | D        | Reached XP level 3. HP: 38/38 MP: 2/2
    96 | D        | Reached XP level 4. HP: 45/45 MP: 3/3
   113 | D        | Reached XP level 5. HP: 15/52 MP: 4/4
   349 | D        | Noticed Sigmund
   392 | D        | Killed Sigmund
   393 | D        | Reached XP level 6. HP: 16/63 MP: 5/5
   564 | D        | Noticed a kobold demonologist
   565 | D        | Noticed an ice devil
   571 | D        | Noticed a rust devil
   571 | D        | Slain by an ice devil

Illustrated notes

Levels and vault maps discovered:
D:        pitsprint [storerooms_1, entrance_room_1, metal_vault_3, armoury_3,
          mini_pit_1, grid_room_1, main_hall_1, silver_pit, the_coven_3,
          the_vestibule_1, steel_vault_4, golden_pit, hallway_of_sentries,
          crystal_vault_1, iron_vault_1, final_vault]

Skill      XL: |  1  2  3  4  5  6 |
---------------+-------------------+-----
Fighting       | 6 7 9 |  9.6
Axes           | 5 6 8 9 |  9.2
Armour         | 6 7 9 |  9.6
Shields        | 6 7 9 |  9.6

Action                     |  1- 3 |  4- 6 || total
---------------------------+-------+-------++-------
  Melee: War axe           |     5 |    73 ||    78
         Headbutt          |     3 |    15 ||    18
         Punch             |     1 |       ||     1
    Use: Potion            |       |     1 ||     1
 Armour: Scale mail        |       |    11 ||    11
         Chain mail        |       |    19 ||    19
  Dodge: Dodged            |       |    31 ||    31
  Block: Buckler           |       |     2 ||     2
